 Dungeon Crawl Stone Soup version 0.27.1-3-gb3d3a73c9e (webtiles) character file.

Game seed: 16015279783829514367

52 omarspendo the Skirmisher (level 3, 0/34 HPs)
             Began as a Minotaur Fighter on Oct 21, 2021.
             Slain by an adder (2 damage)
             ... on level 2 of the Dungeon.
             The game lasted 00:05:42 (1767 turns).

omarspendo the Skirmisher (Minotaur Fighter)        Turns: 1767, Time: 00:05:44

Health: 0/34       AC:  7    Str: 20    XL:     3   Next: 60%
Magic:  2/2        EV:  7    Int:  5    God:
Gold:   56         SH:  9    Dex: 10    Spells: 2/2 levels left

rFire    . . .     SeeInvis .   a - +0 long sword
rCold    . . .     Faith    .   c - +0 kite shield
rNeg     . . .     Spirit   .   b - +0 scale mail
rPois    .         Reflect  .   (helmet restricted)
rElec    .         Harm     .   (no cloak)
rCorr    .         Rampage  .   (no gloves)
Will     .....                  (no boots)
Stlth    ..........             (no amulet)
HPRegen  0.11/turn              (no ring)
MPRegen  0.08/turn              (no ring)

@: lethally poisoned (0 -> -5)
A: horns 2, retaliatory headbutt
a: no special abilities


You were on level 2 of the Dungeon.
You visited 1 branch of the dungeon, and saw 2 of its levels.

You collected 56 gold pieces.

Inventory:

Hand Weapons
 a - a +0 long sword (weapon)
Missiles
 e - 36 stones (quivered)
Armour
 b - a +0 scale mail (worn)
 c - a +0 kite shield (worn)
Jewellery
 f - a ring of flight
Scrolls
 g - 2 scrolls of magic mapping
Potions
 d - a potion of might
 h - a potion of flight {unknown}
 i - a potion of attraction {unknown}
 j - a potion of heal wounds {unknown}


   Skills:
 + Level 4.4 Fighting
 + Level 2.7 Long Blades
 + Level 4.1 Armour
 + Level 0.5 Dodging
 + Level 4.2 Shields


You had 2 spell levels left.
You didn't know any spells.
Your spell library contained the following spells:

 Spells                   Type           Power      Damage    Failure   Level
 Foxfire                  Conj/Fire      0%         2x1d4     99%         1
 Conjure Flame            Conj/Fire      0%         6-21      100%        3
 Inner Flame              Hex/Fire       0%         N/A       100%        3


Dungeon Overview and Level Annotations

Branches:
Dungeon (2/15)

Altars:


Innate Abilities, Weirdness & Mutations

You have a pair of horns on your head.
You reflexively headbutt those who attack you in melee.


Message History

You riposte.
You slash the adder!
You kill the adder!
You feel sick.
You feel sick.
You feel sick.
You feel sick.
Found 2 gold pieces.
You feel sick.
You feel sick.
You are no longer poisoned.
You now have 56 gold pieces (gained 2).
An adder comes into view.
The adder hisses angrily.
You barely miss the adder. The adder bites you. x2
You are poisoned.
The adder poisons you!
You hit the adder but do no damage.
You feel sick. The adder bites you. The adder bites you but does no damage.
You barely miss the adder.
You feel sick. You block the adder's attack. The adder bites you.
* * * LOW HITPOINT WARNING * * *
You hit the adder.
The adder is lightly wounded.
You feel sick.
You are no longer poisoned.
You block the adder's attack. The adder bites you but does no damage.
You closely miss the adder.
The adder is lightly wounded.
You block the adder's attack. The adder bites you but does no damage.
You block the adder's attack.
You barely miss the adder. Your headbutt misses the adder. The adder bites you.
* * * LOW HITPOINT WARNING * * *
You are lethally poisoned!
The adder poisons you! You block the adder's attack.
You completely miss the adder.
* * * LOW HITPOINT WARNING * * *
You feel very sick. The adder bites you.
* * * LOW HITPOINT WARNING * * *
The adder bites you.
You die...

...#...
#....#
#....#
#....#
#.#.#
#.#.#
#.#.#
#S..#
#@.##
##..# .
#...# ..
#.#.###.
#.#....
#.#..##
#.#..#
#....#
###.##


You could see an adder.

Vanquished Creatures
  3 adders (D:2)
  2 ball pythons (D:1)
  2 endoplasms (D:1)
  2 giant cockroaches
  3 hobgoblins (D:1)
  2 kobolds (D:1)
  A quokka (D:2)
  6 bats
  2 goblins (D:1)
  3 rats
26 creatures vanquished.

Notes
Turn   | Place    | Note
-------+----------+-------------------------------------------
     0 | D:1      | omarspendo the Minotaur Fighter began the quest for the
                  | Orb.
     0 | D:1      | Reached XP level 1. HP: 19/19 MP: 0/0
   218 | D:1      | Reached XP level 2. HP: 27/27 MP: 1/1
  1491 | D:2      | Reached XP level 3. HP: 34/34 MP: 2/2
  1767 | D:2      | Slain by an adder

Illustrated notes

Levels and vault maps discovered:
D:1:      minmay_arrival_shattered_statue, layout_loops_ring
D:2:      layout_loops_ring, serial_bayou_pond_c, minmay_fountain_box,
          uniq_crazy_yiuf_cottage

Skill      XL: |  1  2 |
---------------+-------+-----
Fighting       | 4 |  4.4
Armour         | 4 |  4.1
Shields        | 4 |  4.2
Long Blades    | |  2.7
Dodging        | |  0.5

Action                   || total
-------------------------++-------
Melee: Long sword        ||    67
       Headbutt          ||     9
  Use: Scroll            ||     1
Armor: Scale mail        ||    45
Dodge: Dodged            ||    23
Block: Kite shield       ||    57
       Rpst.: Long sword ||     8
